Match 42802446
Unlisted

Match 42802446
End
Royal Engineer Section
Vickers Machine Gun Team
Construct Section Command Post
Dingo Light Scout Car
Dingo Light Scout Car
Construct Platoon Command Post
Selects Heavy Armor Battlegroup
Selects Engineer Detachments
Selects Rigorous Vehicle Training
Humber Armored Car
Humber Armored Car
Humber Armored Car
Selects Forward Repair Assembly
Selects Light Vehicle Withdraw and Refit
Construct Company Command Post
Foot Guards Section
Foot Guards Section
Foot Guards Section
Foot Guards Section
CMP 15cwt Truck
Forward Retreat Point
Selects Churchill Black Prince Heavy Tank
Churchill Black Prince Heavy Tank
Selects UNKNOWN (202330)
Crusader AA Medium Tank
Selects Recon Artillery
Recon Artillery
Churchill Black Prince Heavy Tank
Royal Engineer Section
Unlock Towed 17-pounder Anti-tank Guns
Recon Artillery
Crusader AA Medium Tank
Royal Engineer Section
Royal Engineer Section
Cameleon Casquer
tosken
SneaKerz
gb_gbg
OVER_L0rd
Guille1944
aswe1216
WoW
0
0

Comments sign in to comment!

No comments posted yet!